[Event "Live Chess"]
[Site "Chess.com"]
[Date "2023.05.21"]
[Round "-"]
[White "Biranidun"]
[Black "1600x"]
[Result "1-0"]
[WhiteElo "2515"]
[BlackElo "1901"]
[TimeControl "300"]
[EndTime "6:43:20 PDT"]
[Termination "Biranidun won by checkmate"]

1. e4 e5 2. Nf3 Nf6 3. Nxe5 Qe7 4. d4 Nc6 5. Nxc6 Qxe4+ 6. Be2 Qxc6 7. O-O d5 8. Bf3 Be6 9. Bg5 Be7 10. Nd2 O-O 11. Re1 Qb6 12. Nb3 h6 13. Bh4 Rae8 14. c3 Ne4 15.
Bxe7 Rxe7 16. Bxe4 dxe4 17. Nc5 Bc8 18. Qb3 Rfe8 19. Re3 Qxb3 20. axb3 a5 21. Rae1 f5 22. f3 Bd7 23. Nxd7 Rxd7 24. fxe4 c6 25. exf5 Rxe3 26.
Rxe3 Rf7 27. Re5 b6 28. g4 h5 29. h3 hxg4 30. hxg4 Rd7 31. Re6 c5 32. dxc5 Rd1+ 33.
Kf2 bxc5 34. Re5 Rd2+ 35. Re2 Rd8 36. Kf3 Rb8 37. Ke4 Re8+ 38. Kd3 Rb8 39. Kc4 g6 40. fxg6 Kg7 41. Re5 Kxg6 42. Rxc5 Ra8 43. Kb5 Kf7 44.
Ka4 Rh8 45. Rxa5 Rh2 46. b4 Rxb2 47. Rf5+ Ke6 48. c4 Rg2 49. Rg5 Ra2+ 50. Kb5 Ra8 51. c5 Kf6 52. Rf5+ Ke6 53. c6 Kd6 54. Rf6+ Ke7 55.
Rh6 Rc8 56. Kc5 Rg8 57. b5 Kf7 58. b6 Rxg4 59. b7 Rg8 60. c7 Ke7 61. c8=Q Rg5+ 62. Kd4 Rg6 63. Rxg6 Kf7 64. Qe6+ Kf8 65. b8=Q# 1-0

[Event "Live Chess"]
[Site "Chess.com"]
[Date "2023.05.21"]
[Round "-"]
[White "LordBenin"]
[Black "Missedidea"]
[Result "1/2-1/2"]
[WhiteElo "1394"]
[BlackElo "1774"]
[TimeControl "300"]
[EndTime "6:43:24 PDT"]
[Termination "Game drawn by agreement"]

1. e4 c5 2. Nc3 g6 3. Bc4 Bg7 4. d3 e6 5. Nge2 a6 6. O-O b5 7. Bb3 Bb7 8. a3 Ne7 9. f4 O-O 10. Be3 Qc7 11. f5 exf5 12. exf5 gxf5 13.
Qd2 Qc6 14. Rf2 Ng6 15. Bd5 Qb6 16. Bxb7 Qxb7 17. Rxf5 d6 18. Raf1 Nd7 19. Nf4 Nde5 20.
Nxg6 hxg6 21. R5f2 b4 22. axb4 cxb4 23. Ne4 Rad8 24. Bh6 f5 25. Bxg7 Kxg7 26. Ng5 Rde8 27. h3 a5 28. b3 Qd5 29. Re1 Nf7 30. Rxe8 Rxe8 31. Nxf7 Kxf7 32. Re2 Qd4+ 33. Kh1 Qa1+ 34. Kh2 Re5 35. Rxe5 Qxe5+ 36. Kh1 Qa1+ 37. Kh2 Kf6 38. Qf2 Qe5+ 39. Kh1 g5 40. Kg1 f4 41. Kh2 Kf5 42.
Kh1 g4 43. hxg4+ Kxg4 44. Qf3+ Kg5 45. Kh2 Qe1 46. Qd5+ Qe5 47. Qxe5+ dxe5 48. Kg1 Kh4 49. Kf2 Kg4 50. Ke2 Kg3 51. Kf1 Kg4 52. Kf2 Kf5 53. Kf3 1/2-1/2

[Event "Live Chess"]
[Site "Chess.com"]
[Date "2023.05.21"]
[Round "-"]
[White "grillage"]
[Black "ProfPoisson"]
[Result "1-0"]
[WhiteElo "1773"]
[BlackElo "1218"]
[TimeControl "300"]
[EndTime "6:43:27 PDT"]
[Termination "grillage won by resignation"]

1. d4 e6 2. Nf3 f5 3. d5 exd5 4. Qxd5 d6 5. Nc3 Nf6 6. Qd1 Be7 7. Bg5 O-O 8. e3 Nc6 9. Bc4+ Kh8 10. O-O Ne4 11.
Bxe7 Nxe7 12. Nd5 Nxd5 13. Bxd5 c6 14. Bb3 d5 15. c4 Be6 16. cxd5 Bxd5 17. Bxd5 cxd5 18.
Nd4 Rf6 19. Rc1 Qd7 20. Rc2 Raf8 21. Ne2 Rh6 22. Nf4 Qe7 23. Qxd5 Qh4 24. h3 Nf6 25. Qc5 g5 26. Qxf8+ Ng8 27. Rc8 1-0

[Event "Live Chess"]
[Site "Chess.com"]
[Date "2023.05.21"]
[Round "-"]
[White "mattihelenius2"]
[Black "martynstanley"]
[Result "0-1"]
[WhiteElo "490"]
[BlackElo "1026"]
[TimeControl "300"]
[EndTime "6:43:34 PDT"]
[Termination "martynstanley won by resignation"]

1. d4 e6 2. c4 d5 3. Nc3 c5 4. e3 Nc6 5. Nf3 Qb6 6. Ne5 Nh6 7. Qb3 Qxb3 8. axb3 Nf5 9. dxc5 Bxc5 10. Bd3 d4 11. Bxf5 exf5 12. Nd5 Bd6 13. c5 Bxe5 14. Nc7+ Bxc7 15.
b4 Nxb4 0-1

[Event "Live Chess"]
[Site "Chess.com"]
[Date "2023.05.21"]
[Round "-"]
[White "Ferrarifan27"]
[Black "Alfiedog12"]
[Result "1-0"]
[WhiteElo "2070"]
[BlackElo "905"]
[TimeControl "300"]
[EndTime "6:43:38 PDT"]
[Termination "Ferrarifan27 won by resignation"]

1. e4 c6 2. d4 d5 3. e5 Bf5 4. h4 e6 5. g4 Be4 6. f3 Qa5+ 7. Nc3 Bg6 8. h5 Bxc2 9. Qxc2 Bb4 10. Bd2 Bxc3 11. bxc3 Ne7 12. Rb1 b5 13. Ne2 Nd7 14. Kf2 O-O 15. Ng3 f6 16. exf6 Nxf6 17. Kg2 h6 18. Bd3 Rab8 19. Rhe1 Kf7 20. Bg6+ Nxg6 21. Qxg6+ Kg8 22. Rxe6 Nh7 23. Re7 1-0

[Event "Live Chess"]
[Site "Chess.com"]
[Date "2023.05.21"]
[Round "-"]
[White "manthanit"]
[Black "viktorskliarov"]
[Result "0-1"]
[WhiteElo "1081"]
[BlackElo "2651"]
[TimeControl "300"]
[EndTime "6:43:44 PDT"]
[Termination "viktorskliarov won by checkmate"]

1. e4 c5 2. Nf3 Nc6 3. Bc4 g6 4. d3 Bg7 5. O-O e6 6. Be3 b6 7. Nc3 Nge7 8. Rb1 d5 9. Bb3 d4 10. Nxd4 cxd4 11. Bf4 dxc3 12. bxc3 Bxc3 13. Qc1 O-O 14. Bh6 Bg7 15. h4 Qd4 16. Kh1 Bxh6 17.
Qxh6 Qg7 18. Qe3 Nd4 19. Ba4 Bb7 20. c3 Ndc6 21. Rbc1 Rac8 22. Bb3 Rfd8 23. Rfd1 Ne5 24. d4 Ng4 25. Qg3 h5 26. Rd3 Bxe4 27. Rd2 Nf5 28. Qh3 Bd5 29. c4 Bb7 30. f3 Rxd4 31. Rxd4 Qxd4 32.
fxg4 hxg4 33. Qc3 Qf2 34. Qe1 Qxg2# 0-1

[Event "Live Chess"]
[Site "Chess.com"]
[Date "2023.05.21"]
[Round "-"]
[White "YrrriKharkiv"]
[Black "JoeRoot66"]
[Result "1-0"]
[WhiteElo "2065"]
[BlackElo "1890"]
[TimeControl "300"]
[EndTime "6:44:01 PDT"]
[Termination "YrrriKharkiv won by resignation"]

1. d4 d5 2. Nf3 Nf6 3. c4 e6 4. Nc3 Nbd7 5. Bg5 c6 6. Qc2 h6 7.
Bd2 Bb4 8. e3 O-O 9. Bd3 dxc4 10.
Bxc4 Nb6 11. Bd3 Nfd5 12. O-O Qf6 13. e4 Nf4 14. e5 Qe7 1-0

[Event "Live Chess"]
[Site "Chess.com"]
[Date "2023.05.21"]
[Round "-"]
[White "HadesLearmonth"]
[Black "stevochess11"]
[Result "0-1"]
[WhiteElo "1201"]
[BlackElo "1698"]
[TimeControl "300"]
[EndTime "6:44:08 PDT"]
[Termination "stevochess11 won by resignation"]

1. e4 c5 2. Nf3 g6 3. d4 cxd4 4. Nxd4 Nc6 5. Nf3 Bg7 6. Nc3 Nf6 7. Bd2 O-O 8. Bb5 d6 9. O-O Bg4 10. Qe2 Ne5 11. Nd5 Bxf3 12. gxf3 e6 13. Nxf6+ Qxf6 14. Kh1 Qxf3+ 15. Qxf3 Nxf3 16. Be3 Bxb2 17. Rab1 Bd4 18. Bxd4 Nxd4 19. Bd3 Rac8 20. Rxb7 Nxc2 21. Rxa7 Nb4 22. Be2 Ra8 23. Rd7 Rxa2 24. Bb5 Nc2 25. Rxd6 Rb2 26. Bd3 Nb4 27. Be2 Rxe2 28. f4 Rxe4 29.
Rd2 Nd5 30. Rdf2 Rb8 31. h3 Rbb4 0-1

[Event "Live Chess"]
[Site "Chess.com"]
[Date "2023.05.21"]
[Round "-"]
[White "ClassyChameleon"]
[Black "whatnot126"]
[Result "0-1"]
[WhiteElo "1083"]
[BlackElo "2066"]
[TimeControl "300"]
[EndTime "6:44:09 PDT"]
[Termination "whatnot126 won by checkmate"]

1. e4 d6 2. d4 Nf6 3. Nc3 g6 4. e5 dxe5 5. dxe5 Qxd1+ 6. Nxd1 Ng4 7. Nf3 Bg7 8. Bg5 Nxe5 9. Nxe5 Bxe5 10. Bc4 e6 11. Ne3 Bxb2 12. Rd1 Bc3+ 13. Ke2 O-O 14. Ng4 Nd7 15. Rd3 Bg7 16. Rhd1 a6 17. Rf3 b5 18.
Bb3 Bb7 19. Rf4 Nc5 20. Rf6 Bxf6 21. Bxf6 h5 22. Ne5 Nxb3 23. axb3 Kh7 24. g4 hxg4 25. Nxg4 g5 26. Bxg5 f5 27. Ne5 Be4 28. Rd7+ Kg8 29.
Ng6 Rf7 30. Ne7+ Kf8 31. Bh6+ Ke8 32. Rxc7 Rxe7 33. Rxe7+ Kxe7 34. Ke3 Bxc2 35. Kf4 Rh8 36. Bg5+ Kf7 37. Ke5 Rxh2 38. Bf6 Rxf2 39. b4 Re2+ 40.
Kd6 Kxf6 41. Kc7 e5 42. Kb6 Rd2 43. Ka5 e4 44. Kxa6 e3 45. Kxb5 e2 46. Kb6 e1=Q 47. b5 Qe6+ 48. Kb7 Be4+ 49. Ka7 Rd7+ 50. Kb8 Qe8# 0-1

[Event "Live Chess"]
[Site "Chess.com"]
[Date "2023.05.21"]
[Round "-"]
[White "SupremeTactician"]
[Black "Tushinskiy"]
[Result "0-1"]
[WhiteElo "2213"]
[BlackElo "2215"]
[TimeControl "300"]
[EndTime "6:44:11 PDT"]
[Termination "Tushinskiy won by resignation"]

1. e4 e5 2. Nf3 d6 3. d4 Bg4 4. dxe5 Nd7 5. exd6 Bxd6 6. Be2 Qe7 7. O-O Ngf6 8. Nc3 O-O-O 9. Be3 h5 10. h3 Ne5 11.
Nd4 Bc5 12. Na4 Bxe2 13. Qxe2 Bxd4 14. Bxd4 Rxd4 15. Nc3 g5 16. f4 gxf4 17. Rxf4 c6 18. Raf1 Nfd7 19. Qe3 Rd6 20. Qxa7 Kc7 21. Qa5+ Kb8 22.
Nd1 Rg8 23. Ne3 Rdg6 24. R1f2 Qc5 25. Qd2 Rg3 26. Nf5 Rxg2+ 27. Kh1 Rxf2 28. Rxf2 Ka8 29. b4 Qc4 30. Qe3 Qxa2 31. Rf1 Kb8 32. Ne7 Qxc2 33. Nxg8 f5 34. exf5 Qc4 35. Nh6 Qxf1+ 36. Kh2 Nf3+ 37.
Kg3 h4+ 38. Kf4 Ng1+ 39. Kg5 Nxh3+ 40. Kg6 Nf4+ 41. Kf7 Nd5 42. Qe8+ Kc7 43. Qe6 h3 44. Ke8 N5f6+ 45. Ke7 h2 46. Qd6+ Kb6 47. Qxh2 Qe1+ 48.
Kf7 Qxb4 49. Qf2+ Qc5 50. Qb2+ Kc7 51. Qe2 Qf8+ 52. Kg6 b5 53. Qh2+ Qd6 54. Qe2 Ng4+ 55. Qe6 Nxh6 56. Kxh6 Qxe6+ 57. fxe6 Nc5 58. e7 Kd7 0-1

[Event "Live Chess"]
[Site "Chess.com"]
[Date "2023.05.21"]
[Round "-"]
[White "JackCheetham1"]
[Black "ossie57"]
[Result "1/2-1/2"]
[WhiteElo "1715"]
[BlackElo "1837"]
[TimeControl "300"]
[EndTime "6:44:25 PDT"]
[Termination "Game drawn by agreement"]

1. e4 e5 2. Nf3 Nc6 3. Bb5 Nf6 4.
d3 a6 5. Ba4 b5 6. Bb3 d6 7. c3 Be7 8. h3 O-O 9. O-O Na5 10. Bc2 c5 11. Re1 Nc6 12. Nbd2 Nh5 13.
Nxe5 Nxe5 14. Qxh5 g6 15. Qe2 Bh4 16. Nf3 Nxf3+ 17.
Qxf3 Bb7 18. Bh6 Re8 19. Bb3 Qf6 20. Qxf6 Bxf6 21. Bf4 Be5 22. Bxe5 dxe5 23. Rad1 Red8 24. Re3 Kg7 25. Rf3 f6 26. Rg3 c4 27. Bc2 cxd3 28.
Rgxd3 Rxd3 29. Bxd3 Rd8 30. f3 f5 31. exf5 gxf5 32. Bc2 Rxd1+ 33. Bxd1 Kf6 34. Kf2 Bd5 35. Bb3 Bc6 36. Bg8 h6 37. Ke3 Kg7 38. Be6 Kf6 39. Bc8 a5 40. b3 f4+ 41. Kf2 Kg5 42. Be6 h5 43. c4 1/2-1/2

[Event "Live Chess"]
[Site "Chess.com"]
[Date "2023.05.21"]
[Round "-"]
[White "Ian-Morley"]
[Black "worldchessleaguelive"]
[Result "1-0"]
[WhiteElo "1087"]
[BlackElo "1353"]
[TimeControl "300"]
[EndTime "6:44:35 PDT"]
[Termination "Ian-Morley won by resignation"]

1. d4 d5 2. Nf3 Nc6 3. Bf4 Nf6 4. e3 e6 5. c3 Bd6 6. Bg3 Bxg3 7.
hxg3 Ne4 8. Nbd2 Nxd2 9. Qxd2 Bd7 10. Qd3 Qe7 11. Rxh7 O-O-O 12. Rxh8 Rxh8 13. O-O-O Rh1 14. Be2 Rxd1+ 15. Bxd1 e5 16. Nxe5 Nxe5 17. dxe5 Qxe5 18. f4 Qe6 19. Bc2 Bc6 20. Qf5 Kd7 21. Qxe6+ Kxe6 22. f5+ Ke5 23. g4 Kf6 24. Kd2 Kg5 25. Bd1 Kh4 26.
Bf3 Kg3 27. Kd3 d4 28. Bxc6 bxc6 29. g5 dxc3 30. bxc3 Kxg2 31. e4 Kf3 32. e5 Kf4 33. e6 fxe6 34. fxe6 Kxg5 35. e7 1-0

[Event "Live Chess"]
[Site "Chess.com"]
[Date "2023.05.21"]
[Round "-"]
[White "Cimon"]
[Black "LiamClery2020"]
[Result "1-0"]
[WhiteElo "1843"]
[BlackElo "1959"]
[TimeControl "300"]
[EndTime "6:44:35 PDT"]
[Termination "Cimon won by resignation"]

1. Nf3 Nf6 2. b3 Nc6 3. Bb2 d6 4. e3 e5 5. d4 e4 6. Nfd2 d5 7. Be2 Bd6 8. a3 h5 9. c4 Qe7 10. c5 Bxc5 11. dxc5 Qxc5 12. Nc3 Bg4 13. Rc1 Qe7 14.
h3 Bf5 15. Nb5 O-O-O 16. b4 a6 17. Nd4 Nxd4 18. Bxd4 c6 19. Qb3 Kb8 20. a4 Rhe8 21. b5 cxb5 22. axb5 Rc8 23. O-O g5 24. bxa6 1-0

[Event "Live Chess"]
[Site "Chess.com"]
[Date "2023.05.21"]
[Round "-"]
[White "jumush"]
[Black "AyannaTang"]
[Result "1-0"]
[WhiteElo "1714"]
[BlackElo "230"]
[TimeControl "300"]
[EndTime "6:44:59 PDT"]
[Termination "jumush won by checkmate"]

1. e4 e5 2. Nc3 Nc6 3. Bc4 d5 4. Nxd5 Nd4 5. c3 c6 6. cxd4 cxd5 7. Bxd5 exd4 8. d3 f5 9. Nf3 fxe4 10. dxe4 Bb4+ 11. Bd2 Qa5 12. Bxb4 Qxb4+ 13. Qd2 Qxd2+ 14.
Kxd2 Bg4 15. Nxd4 O-O-O 16. f3 Be6 17. Bxe6+ Kc7 18. Rac1+ Kb8 19. Ke3 Nf6 20. Rc3 g5 21. h3 Rdg8 22. Rhc1 g4 23. Bxg8 Rxg8 24. hxg4 Nxg4+ 25. fxg4 Rxg4 26. R1c2 Rg3+ 27. Nf3 Rxg2 28. Rc8# 1-0

[Event "Live Chess"]
[Site "Chess.com"]
[Date "2023.05.21"]
[Round "-"]
[White "Vedant-1411"]
[Black "WelshTiger"]
[Result "0-1"]
[WhiteElo "877"]
[BlackElo "2326"]
[TimeControl "300"]
[EndTime "6:44:59 PDT"]
[Termination "WelshTiger won by checkmate"]

1. d4 d5 2. Nf3 e6 3. Nc3 Nf6 4. Bf4 Bd6 5. Bg3 a6 6. Bxd6 cxd6 7. e3 b5 8. Bd3 Bb7 9. Ne2 Ne4 10. O-O Nd7 11.
Bxe4 dxe4 12. Nd2 f5 13. Nc3 Qf6 14. a3 Rc8 15. a4 b4 16. Ne2 a5 17. Nb1 Ba6 18.
Nd2 Qe7 19. Nb1 Nf6 20. Nd2 Nd5 21. Nb3 Qa7 22. Ng3 Bxf1 23. Qxf1 O-O 24. Qe2 Rc7 25. Qh5 Rxc2 26. Qd1 Rfc8 27. h3 Rxb2 28. Nd2 Rcc2 29.
Ndf1 Rxf2 30. Nh2 Rxg2+ 31. Kh1 Rxh2+ 32. Kg1 Rbg2+ 33. Kf1 Nxe3+ 34. Ke1 Rxg3 35. Rc1 Rg1# 0-1

[Event "Live Chess"]
[Site "Chess.com"]
[Date "2023.05.21"]
[Round "-"]
[White "gmnorfolk"]
[Black "raminguy"]
[Result "1/2-1/2"]
[WhiteElo "2141"]
[BlackElo "1950"]
[TimeControl "300"]
[EndTime "6:45:06 PDT"]
[Termination "Game drawn by agreement"]

1. d4 d5 2. c4 e6 3. Nc3 a6 4.
cxd5 exd5 5. Nf3 c6 6. Bg5 Be7 7. Bxe7 Nxe7 8. e3 Nd7 9. Bd3 Nf6 10. O-O O-O 11. h3 Re8 12. Qc2 g6 13. a3 Bf5 14.
b4 Bxd3 15. Qxd3 Nf5 16. a4 Qd6 17. b5 a5 18. bxc6 bxc6 19. Rab1 Reb8 20. Rfc1 Rb4 21.
Qc2 Rab8 22. Na2 Rxb1 23. Rxb1 Rxb1+ 24. Qxb1 Ne4 25. Qb3 c5 26. dxc5 Qxc5 27. g4 Nfd6 28.
Nd4 Nc4 29. Nc3 Ned2 30. Qb8+ Kg7 31. Qb5 Qa3 32. Kh2 Qxc3 33. Qxd5 Qb2 34. g5 Qa2 35.
Qd8 Ne4 36. Ne6+ fxe6 37. Qe7+ 1/2-1/2

[Event "Live Chess"]
[Site "Chess.com"]
[Date "2023.05.21"]
[Round "-"]
[White "Ferrarifan27"]
[Black "martynstanley"]
[Result "1-0"]
[WhiteElo "2070"]
[BlackElo "1026"]
[TimeControl "300"]
[EndTime "6:45:17 PDT"]
[Termination "Ferrarifan27 won by checkmate"]

1. e4 e6 2. d4 d5 3. e5 c5 4. c3 Nc6 5. Nf3 Qb6 6. a3 Nh6 7. b4 cxb4 8. axb4 Nf5 9. Bd3 Qxd4 10. cxd4 Ncxd4 11. Nxd4 Nxd4 12. O-O b6 13. Be3 Nf5 14.
Bb5+ Bd7 15. Bxd7+ Kxd7 16. Qa4+ Kc7 17. Rc1+ Kb7 18.
Qd7+ Kb8 19. Rc8# 1-0

[Event "Live Chess"]
[Site "Chess.com"]
[Date "2023.05.21"]
[Round "-"]
[White "Berdgross"]
[Black "Delacorta"]
[Result "0-1"]
[WhiteElo "697"]
[BlackElo "1383"]
[TimeControl "300"]
[EndTime "6:45:23 PDT"]
[Termination "Delacorta won by resignation"]

1. d4 e6 2. e4 d5 3. exd5 exd5 4.
Nf3 Nf6 5. Nc3 c6 6. Bg5 Bd6 7. Bd3 O-O 8. Bxf6 Qxf6 9. O-O Bg4 10. h3 Bxf3 11. Qxf3 Qxf3 12. gxf3 Nd7 13. Rae1 Rfe8 14. Rxe8+ Rxe8 15. Ne2 Nf6 16. Ng3 g6 17. c4 dxc4 18. Bxc4 b5 19. Bd3 Nd5 20. Rc1 Rc8 21.
Bxb5 Nf4 22. Rxc6 Rxc6 23. Bxc6 Ne6 24. Bd5 Nxd4 25. Nf1 Kg7 26. Ne3 Kf6 27. Ng4+ Kg7 28. Be4 f5 29. Bxf5 gxf5 30. Nh2 Kf6 31. Kg2 Ne2 32.
b3 Nf4+ 33. Kg3 Nd3+ 34. Kh4 Nc1 35. Nf1 Nxa2 36. Ne3 Nb4 37. Nc4 Bc7 38. Kh5 Kg7 39. Ne3 f4 40. Ng2 Nc6 41. Nh4 Nd4 42. Kg4 Nxb3 43. Nf5+ Kf6 44. Nh6 a5 45. Ng8+ Kg7 46. Ne7 a4 47. Nd5 Bd6 48. Nxf4 Bxf4 49. Kxf4 a3 50.
Ke3 a2 0-1

[Event "Live Chess"]
[Site "Chess.com"]
[Date "2023.05.21"]
[Round "-"]
[White "zdanevych"]
[Black "CheckThis4"]
[Result "0-1"]
[WhiteElo "1498"]
[BlackElo "2524"]
[TimeControl "300"]
[EndTime "6:45:24 PDT"]
[Termination "CheckThis4 won by resignation"]

1. d4 Nf6 2. c4 e5 3. dxe5 Ng4 4. Nf3 Bc5 5. e3 Nc6 6. h3 Ngxe5 7. Nxe5 Nxe5 8.
Nc3 O-O 9. Be2 Re8 10. O-O a5 11. b3 Ra6 12. Bb2 Rg6 13. Ne4 Ba7 14. Ng3 Bxe3 15. Bh5 Rxg3 16. fxe3 g6 17. Bf3 d6 18. Qd4 Qg5 19. Qe4 Bf5 20. Qxb7 Qxe3+ 21. Kh1 Bxh3 22.
Bxe5 Rxe5 23. gxh3 Rxh3+ 24. Kg2 Rh4 25. Qc8+ Kg7 26.
Qxc7 Rg5+ 0-1

[Event "Live Chess"]
[Site "Chess.com"]
[Date "2023.05.21"]
[Round "-"]
[White "Olisingapore"]
[Black "MarkLim1"]
[Result "1-0"]
[WhiteElo "1791"]
[BlackElo "1698"]
[TimeControl "300"]
[EndTime "6:45:29 PDT"]
[Termination "Olisingapore won by resignation"]

1. d4 d5 2. c4 c6 3. Nf3 Nf6 4. g3 Bf5 5. Qb3 Qc7 6. Bg2 e6 7. Bf4 Qb6 8. c5 Qxb3 9. axb3 Be7 10. Nc3 O-O 11. O-O Nbd7 12. Ne5 Nxe5 13. Bxe5 Bc2 14. b4 b6 15. Rfc1 Bb3 16. Ra3 Bc4 17. b3 Bb5 18.
Nxb5 cxb5 19. Rca1 Nd7 20. Rxa7 Nxe5 21. dxe5 Rxa7 22. Rxa7 Bg5 23. cxb6 Rb8 24. b7 h5 25. Ra8 1-0

[Event "Live Chess"]
[Site "Chess.com"]
[Date "2023.05.21"]
[Round "-"]
[White "chessfiction"]
[Black "wadsy27"]
[Result "0-1"]
[WhiteElo "2312"]
[BlackElo "2554"]
[TimeControl "300"]
[EndTime "6:45:33 PDT"]
[Termination "wadsy27 won on time"]

1. e4 c5 2. d4 cxd4 3. c3 dxc3 4. Nxc3 Nc6 5. Bg5 d6 6. Bc4 Nf6 7. Nf3 e6 8. O-O Be7 9. Rc1 O-O 10. Qe2 h6 11. Bh4 a6 12. Rfd1 Qc7 13. h3 Ne5 14.
Nxe5 dxe5 15. Bb3 Qb8 16. g4 b5 17. g5 Nh7 18. g6 Bxh4 19. gxh7+ Kxh7 20. Qh5 Bg5 21. Rc2 a5 22. a4 bxa4 23. Bxa4 Ra6 24. Rd3 Rd6 25. Rg3 Bd7 26. Rxg5 Bxa4 27. Nxa4 Qb3 28.
Rxg7+ Kxg7 29. Qxe5+ Kg8 30. Rc3 Qd1+ 31. Kh2 Rd3 32. Nc5 Rxc3 33. Qxc3 Rc8 34. Qg3+ Kf8 35. Nd3 Qh5 36. Nf4 Qg5 37. Qa3+ Qc5 38. Qf3 Qe5 39. Kg2 Ke7 40. Qa3+ Qc5 41. Qg3 Qg5 42.
Kf3 Rb8 43. Nd5+ exd5 44. Qxb8 dxe4+ 45. Kxe4 Qh4+ 46. f4 Qxh3 47. Qc7+ Kf8 48. Qxa5 Qg2+ 49. Ke3 Qxb2 50. Qd8+ Kg7 51. Qd7 Qc3+ 52. Ke4 Qc2+ 53. Ke3 Qc3+ 54. Ke4 Qf6 55. Kf3 h5 56. Qh3 Qg6 57.
Qh4 f6 58. Qf2 Qg4+ 59. Ke3 Kg6 60. Qc2+ Qf5 61. Qf2 Qc5+ 62. Kf3 Qxf2+ 63. Kxf2 Kf5 64. Kg3 h4+ 65. Kf3 h3 66. Kg3 h2 67. Kxh2 Kxf4 68.
Kg1 Kg3 69. Kf1 Kf3 70. Kg1 f5 71. Kf1 f4 72. Kg1 Ke2 73. Kh2 f3 74. Kg3 f2 75.
Kf4 f1=Q+ 76. Ke4 Qf3+ 77. Kd4 Qe3+ 78. Kc4 Qd3+ 79. Kb4 Ke3 80. Ka4 Ke4 81. Ka5 Qd4 82. Kb5 Qc3 83. Ka6 Kd5 84. Kb7 Kd6 85. Ka6 Qb4 86. Ka7 Kc7 0-1

[Event "Live Chess"]
[Site "Chess.com"]
[Date "2023.05.21"]
[Round "-"]
[White "BillythekidFellowes"]
[Black "davigator"]
[Result "1-0"]
[WhiteElo "2098"]
[BlackElo "2293"]
[TimeControl "300"]
[EndTime "6:45:38 PDT"]
[Termination "BillythekidFellowes won by resignation"]

1. e4 c5 2. Nf3 Nc6 3. Bb5 g6 4. c3 Nf6 5. d3 Bg7 6. Be3 d6 7. a4 O-O 8. O-O Bd7 9. Na3 e5 10.
Nc4 Qc7 11. a5 Ng4 12. h3 Nxe3 13. fxe3 h6 14. a6 b6 15. Rc1 Rad8 16. d4 Bc8 17. Qa4 Nb8 18. b4 exd4 19. cxd4 Qe7 20. Ncd2 Be6 21. d5 Bc8 22. bxc5 bxc5 23. e5 Bxe5 24.
Nxe5 Qxe5 25. Ne4 f5 26. Ng3 Qxe3+ 27. Kh2 f4 28. Ne4 f3 29. Rce1 Qf4+ 30. g3 Qe5 31. Rf2 Qh5 32. Rh1 Qxh3+ 33. Kg1 Qf5 34. Bd3 Qe5 35. Rxh6 Kg7 36. Rh4 Bf5 37. Qc2 Rh8 38.
Rxf3 Rxh4 39. gxh4 Rh8 40. Ng3 Rxh4 41. Bxf5 gxf5 42.
Nxf5+ Kh8 43. Nxh4 Qe1+ 44. Kg2 Qxh4 45. Rh3 Qxh3+ 46. Kxh3 Nxa6 47. Qg6 Nb4 48. Qxd6 a5 49. Qxc5 1-0

[Event "Live Chess"]
[Site "Chess.com"]
[Date "2023.05.21"]
[Round "-"]
[White "nigelst"]
[Black "MartinWalker4"]
[Result "0-1"]
[WhiteElo "1702"]
[BlackElo "2073"]
[TimeControl "300"]
[EndTime "6:45:39 PDT"]
[Termination "MartinWalker4 won by resignation"]

1. e4 Nf6 2. e5 Nd5 3. d4 d6 4.
exd6 cxd6 5. c4 Nb6 6. Nc3 g6 7.
Bd3 Bg7 8. Nge2 Nc6 9. d5 Ne5 10.
b3 Nxd3+ 11. Qxd3 Bf5 12. Qd2 O-O 13. Bb2 e6 14. dxe6 fxe6 15. O-O d5 16. cxd5 Nxd5 17. Nxd5 Qxd5 18. Qxd5 exd5 19. Bxg7 Kxg7 20. Nd4 Bd7 21.
Rfe1 Rfe8 22. Kf1 Kf7 23. Rxe8 Rxe8 24. Re1 Rxe1+ 25. Kxe1 Ke7 26. Kd2 Kd6 27. Ke3 a6 28. f4 Kc5 29. a3 b5 30. h3 h5 31. Nf3 a5 32. Kd3 Bf5+ 33. Kc3 b4+ 34. axb4+ axb4+ 35. Kd2 Be4 36. Ne1 Kd4 37. g4 hxg4 38. hxg4 Bb1 39. Kc1 Bd3 40. Kd2 Be4 41. Ke2 Kc3 42. Ke3 Kxb3 43.
Kd4 Ka2 44. f5 gxf5 45. gxf5 b3 46. f6 Bg6 47. Nd3 Bf7 48. Kc3 Ka3 49. Kd4 b2 50.
Nxb2 Kxb2 51. Ke5 Kc3 52. Kd6 d4 53. Ke7 Bh5 0-1

[Event "Live Chess"]
[Site "Chess.com"]
[Date "2023.05.21"]
[Round "-"]
[White "mliszewski"]
[Black "Biranidun"]
[Result "0-1"]
[WhiteElo "1821"]
[BlackElo "2515"]
[TimeControl "300"]
[EndTime "6:45:46 PDT"]
[Termination "Biranidun won by resignation"]

1. d4 Nf6 2. Bg5 c5 3. d5 Ne4 4. h4 Qb6 5. Nc3 Nxg5 6. hxg5 Qxb2 7. Ne4 Qb4+ 8. Nd2 g6 9. e3 Bg7 10. Rb1 Qa5 11. Nf3 d6 12. Bd3 Qxa2 13. Bc4 Qa5 14. Rb5 Qc7 15. Qb1 a6 16. Rb3 b5 17. Bd3 c4 18.
Bxg6 hxg6 19. Rxh8+ Bxh8 20. Ra3 Bb7 21. e4 Nd7 22.
Nd4 Bxd4 0-1

[Event "Live Chess"]
[Site "Chess.com"]
[Date "2023.05.21"]
[Round "-"]
[White "diana21strabt"]
[Black "Long1968"]
[Result "1-0"]
[WhiteElo "1765"]
[BlackElo "958"]
[TimeControl "300"]
[EndTime "6:46:01 PDT"]
[Termination "diana21strabt won on time"]

1. e4 e6 2. d4 d5 3. Nc3 Bb4 4. Ne2 c5 5. dxc5 Bxc5 6. exd5 Qb6 7. Ne4 Bb4+ 8. c3 exd5 9. Qxd5 Be6 10. Qe5 Nc6 11.
Qxg7 Kd7 12. Qxh8 Re8 13. cxb4 Qxb4+ 14. Qc3 Bg4 15. Qxb4 Nxb4 16. Nc5+ Kc6 17. f3 Nc2+ 18. Kf2 Nxa1 19. fxg4 Kxc5 20. Be3+ Kc6 21. g3 1-0

[Event "Live Chess"]
[Site "Chess.com"]
[Date "2023.05.21"]
[Round "-"]
[White "RichardABates"]
[Black "friarnator"]
[Result "0-1"]
[WhiteElo "2131"]
[BlackElo "2042"]
[TimeControl "300"]
[EndTime "6:46:06 PDT"]
[Termination "friarnator won on time"]

1. d4 Nf6 2. Nf3 e6 3. c4 d5 4.
g3 Be7 5. Bg2 O-O 6. O-O dxc4 7.
Qc2 Bd7 8. Ne5 Bc6 9. Nxc6 Nxc6 10. e3 Nb4 11. Qxc4 c6 12. Bd2 a5 13. a3 Na6 14. Nc3 Nd5 15. Rfc1 Bf6 16. Ne4 Be7 17.
Qe2 Nf6 18. Nxf6+ Bxf6 19. b4 axb4 20. axb4 Nc7 21. Ra5 Nd5 22. Rca1 Rxa5 23. Rxa5 Be7 24. b5 Qd7 25. bxc6 Qxc6 26. h4 Nc3 27. Qd3 Nd5 28.
Be4 h6 29. Qb3 Rd8 30. Rb5 Rd7 31. h5 Kf8 32. Qa4 Ke8 33. Qa8+ Bd8 34. Rc5 Qa6 35.
Qc8 Qd6 36. Ba5 Nb6 37. Bxb6 Qxb6 38. Bd3 Ke7 39. Qa8 Rc7 40. Rb5 Qa6 41. Qb8 Qc6 42. Rc5 Qb6 43. Rb5 Qc6 44. Rb3 Rd7 45. Bb5 Qc7 46. Qa8 Rd6 47. Ba4 Rb6 48. Rd3 Rb1+ 49.
Kg2 Ra1 50. Rb3 Qd7 0-1

[Event "Live Chess"]
[Site "Chess.com"]
[Date "2023.05.21"]
[Round "-"]
[White "Hacker_2009"]
[Black "Chesscoach_Golichenko"]
[Result "1/2-1/2"]
[WhiteElo "1925"]
[BlackElo "2622"]
[TimeControl "300"]
[EndTime "6:46:19 PDT"]
[Termination "Game drawn by repetition"]

1. d4 Nf6 2. Nf3 e6 3. c4 c5 4. e3 b6 5. Nc3 Bb7 6. Be2 d5 7. O-O Be7 8. b3 O-O 9. Bb2 Nc6 10. cxd5 exd5 11. Rc1 Rc8 12. Na4 Ne4 13. dxc5 Nxc5 14. Nxc5 bxc5 15. Bd3 Qb6 16. Qe2 Rfe8 17. Rfd1 h6 18.
Bb1 Bf8 19. Qc2 g6 20. Qc3 d4 21. exd4 Nxd4 22. Nxd4 cxd4 23. Qxd4 Qxd4 24. Bxd4 Rxc1 25. Rxc1 Ba3 26. Rd1 Rd8 27. Bc2 Rc8 28. Bd3 Rd8 29.
Bc2 Rc8 30. Bd3 Rd8 31. Bc2 1/2-1/2

[Event "Live Chess"]
[Site "Chess.com"]
[Date "2023.05.21"]
[Round "-"]
[White "bedsdrout"]
[Black "Conradical12"]
[Result "1-0"]
[WhiteElo "1329"]
[BlackElo "1567"]
[TimeControl "300"]
[EndTime "6:46:28 PDT"]
[Termination "bedsdrout won by checkmate"]

1. Nc3 e5 2. e4 Nc6 3. Bc4 Nf6 4.
a3 a5 5. d3 Bc5 6. h3 d6 7. Bd2 O-O 8. Nf3 Nd4 9. Nxd4 Bxd4 10.
O-O Be6 11. Bxe6 fxe6 12. Nb5 c6 13. Nxd4 exd4 14. c3 dxc3 15. bxc3 d5 16. e5 Nd7 17. f4 Qb6+ 18. Kh2 Nc5 19. Be3 Rad8 20. Rb1 Qa7 21. Qg4 b6 22. d4 Ne4 23. Qxe6+ Kh8 24.
c4 Rfe8 25. Qxc6 Qe7 26. Ra1 Qh4 27. Rf3 g5 28. g3 Qh5 29. g4 Qh4 30. f5 h5 31.
Qh6+ Kg8 32. f6 hxg4 33. Qg7# 1-0